Calgary Hitman vs Toronto Marlies

Created - 25 octobre 2017 at 16:57

Goals
1 2 3 T
Calgary Hitman 0 2 2 4
Toronto Marlies 1 0 1 2
Shots
1 2 3 T
Calgary Hitman 11 12 16 39
Toronto Marlies 7 9 10 26

1st period

1. Toronto Marlies , Michael Mersch 4 (Ryan Stanton 2) at 15:17 (PP)

Penalties :
John Ramage (HIT) for Cross-checking (Minor) at 6:18, Cody Goloubef (HIT) for High sticking (Double Minor) at 14:43

2nd period

2. Calgary Hitman , Travis Morin 3 (Kasperi Kapanen 8, Andrew Miller 7) at 1:55 (PP)
3. Calgary Hitman , Jack Skille 2 (Travis Morin 7, Kasperi Kapanen 9) at 7:03

Penalties :
Ryan Horvat (MAR) for Holding (Minor) at 1:07, J.T. Brown (HIT) for Holding (Minor) at 2:17, Keegan Lowe (MAR) for Roughing (Minor) at 9:30

3rd period

4. Calgary Hitman , Kasperi Kapanen 5 (Andrew Miller 8, Garret Sparks) at 1:03 (PP)
5. Toronto Marlies , Evgeny Svechnikov 6 (Michael McCarron 10, Josh Archibald 8) at 1:55 (PP)
6. Calgary Hitman , Cole Ully 2 (Kasperi Kapanen 10, Nick Lappin 3) at 19:58 (Empty Net)

Penalties :
Michael McCarron (MAR) for Roughing (Minor) at 0:19, Mitchell Heard (MAR) for Fighting (Major) at 1:37, Kasperi Kapanen (HIT) for Fighting (Major) at 1:37, J.T. Brown (HIT) for Hooking (Minor) at 1:40, Emile Poirier (MAR) for Holding (Minor) at 5:58, Dennis Robertson (MAR) for Fighting (Major) at 14:13, Travis Morin (HIT) for Fighting (Major) at 14:13, Dennis Robertson (MAR) for instigated a fight (Minor) at 14:13, Dennis Robertson (MAR) for instigated a fight (10 Minutes Misconduct) at 14:13

Goalie Stats

Garret Sparks (HIT), 24 saves from 26 shots - (0,923), W, 6-2-0, 60:00 minutes
Martin Ouellette (MAR), 35 saves from 38 shots - (0,921), L, 4-2-0, 59:46 minutes

Players Stats for Calgary Hitman

Player Name              G  A  P  +/- PIM S  H  SB GA TA FO     MP     PP MP  PK MP  
------------------------------------------------------------------------------------
A.J. Greer               0  0  0   1  0   2  1  0  1  0  0/0    13:36   0:00   0:00 
Alex Biega               0  0  0   0  0   1  4  0  0  0  0/0    21:40   2:42   2:50 
Andrew Miller            0  2  2   0  0   1  0  1  2  0  10/23  19:24   4:45   0:00 
Brady Austin             0  0  0   0  0   0  0  0  0  0  0/0    14:39   0:00   2:50 
Cody Goloubef            0  0  0   1  4   2  0  2  0  0  0/0    25:57   4:47   2:44 
Cole Ully                1  0  1   1  0   1  2  0  0  0  1/2     8:46   0:07   0:00 
J.T. Brown               0  0  0   0  4   6  3  0  0  2  1/5    19:03   1:29   2:29 
Jack Skille              1  0  1   1  0   6  4  0  0  1  0/0    15:45   2:37   0:00 
John Ramage              0  0  0   0  2   0  2  1  0  0  0/0    15:05   2:42   0:03 
Kasperi Kapanen          1  3  4   1  5   7  0  0  1  0  2/6    19:57   4:03   1:18 
Liam O'Brien             0  0  0   0  0   1  0  0  0  0  0/0     7:13   0:00   0:00 
Matt Taormina            0  0  0   1  0   0  0  1  0  0  0/0    21:53   4:47   1:09 
Mitch Callahan           0  0  0   0  0   2  2  0  0  0  2/2    14:39   2:37   1:57 
Nick Lappin              0  1  1   1  0   4  0  0  1  0  0/0    11:39   0:40   1:44 
Reid Petryk              0  0  0   0  0   0  0  0  0  0  4/10   13:06   0:00   3:59 
Robert Bortuzzo          0  0  0   2  0   0  0  1  0  0  0/0    21:21   0:00   3:56 
Travis Morin             1  1  2   1  5   5  3  0  1  0  7/19   16:03   3:32   0:21 
Wayne Simpson            0  0  0   0  0   1  0  0  0  0  0/2    13:22   2:37   1:44 

Players Stats for Toronto Marlies

Player Name              G  A  P  +/- PIM S  H  SB GA TA FO     MP     PP MP  PK MP  
------------------------------------------------------------------------------------
Andrew MacWilliam        0  0  0   0  0   0  1  3  0  1  0/0    17:59   2:20   2:52 
Brent Regner             0  0  0   0  0   0  0  2  0  0  0/0     8:08   0:00   0:00 
Dennis Robertson         0  0  0   0  17  2  1  1  0  2  0/0    24:40   4:26   3:32 
Emile Poirier            0  0  0   0  2   1  2  1  0  0  1/2    19:44   2:57   1:09 
Evgeny Svechnikov        1  0  1  -1  0   4  3  0  1  1  4/10   26:14   3:49   5:17 
Jan Kostalek             0  0  0  -1  0   0  0  0  0  0  0/0     6:06   0:00   0:00 
Josh Archibald           0  1  1  -1  0   7  0  1  1  0  0/0    24:08   3:49   1:46 
Josiah Didier            0  0  0   0  0   0  0  0  0  0  0/0     4:27   0:00   2:09 
Keegan Lowe              0  0  0  -1  2   0  1  1  0  0  0/0    26:29   4:26   3:33 
Kyle Schempp             0  0  0  -1  0   0  1  2  0  0  3/6    15:00   0:00   0:04 
Michael McCarron         0  1  1  -1  2   5  2  0  0  0  22/38  24:54   3:49   4:05 
Michael Mersch           1  0  1  -1  0   4  1  2  0  0  3/3    21:55   2:57   1:58 
Mitchell Heard           0  0  0  -1  5   2  0  1  0  0  8/9    16:28   2:57   0:02 
Rinat Valiev             0  0  0  -1  0   0  0  1  0  1  0/0     4:27   0:00   0:00 
Ryan Horvat              0  0  0   0  2   1  1  1  0  1  0/0    16:07   0:00   0:39 
Ryan Stanton             0  1  1   0  0   0  0  1  1  0  0/0    17:59   2:20   2:52 
Travis Dermott           0  0  0   0  0   0  1  1  0  0  1/1    11:36   0:00   0:00 
Zach Leslie              0  0  0  -1  0   0  0  0  0  0  0/0     6:06   0:00   0:00 

3 Stars

1 - Kasperi Kapanen (HIT)
2 - Jack Skille (HIT)
3 - Cole Ully (HIT)

Power Play

Calgary Hitman - 2 on 5 Attempt(s) - 40,00%
Toronto Marlies - 2 on 5 Attempt(s) - 40,00%

Penalty Kill

Calgary Hitman - 3 on 5 Attempt(s) - 60,00% - Score 0 goal in Penalty Kill
Toronto Marlies - 3 on 5 Attempt(s) - 60,00% - Score 0 goal in Penalty Kill

Team Stat

Calgary Hitman - Hits : 21 - Faceoff Wins : 27 - Blocked Shots : 6 - Penalty Minutes : 20
Toronto Marlies - Hits : 14 - Faceoff Wins : 42 - Blocked Shots : 18 - Penalty Minutes : 30

Official

Referees : Evgeny Romasko and Dave Lewis
Linesman : Brian Mach and Kiel Murchison

Game Notes

Mitchell Heard beats up Kasperi Kapanen at 1:37 of 3rd period
Dennis Robertson and Travis Morin fight to a draw at 14:13 of 3rd period
Cole Ully has scored in a empty net!

Finance

Level 1 -- Attendance: 1649 (82,45%) -- Ticket Income 41 225 $
Level 2 -- Attendance: 696 (69,60%) -- Ticket Income 8 352 $
Total Attendance: 2345 (78,17%)
Total Ticket Income: 49 577 $
Other Income: 24 293 $
Total Income: 73 870 $

Calgary Hitman

5 vs 5 Forward 
   Center                   Left Wing                Right Wing               Time % Phy DF OF 
 1 Andrew Miller            J.T. Brown               Kasperi Kapanen          36     0   1  4  
 2 Travis Morin             A.J. Greer               Jack Skille              34     0   1  4  
 3 Reid Petryk              Wayne Simpson            Mitch Callahan           24     0   3  2  
 4 Cole Ully                Liam O'Brien             Nick Lappin              6      2   2  1  

5 vs 5 Defense 
   Defense                  Defense                                           Time % Phy DF OF 
 1 Robert Bortuzzo          Matt Taormina                                     39     0   3  2  
 2 Alex Biega               Cody Goloubef                                     37     0   3  2  
 3 Brady Austin             John Ramage                                       20     0   4  1  
 4 Robert Bortuzzo          Cody Goloubef                                     4      1   2  2  

PowerPlay Forward 
   Center                   Left Wing                Right Wing               Time % Phy DF OF 
 1 Travis Morin             Kasperi Kapanen          Andrew Miller            60     0   0  5  
 2 Wayne Simpson            Jack Skille              Mitch Callahan           40     0   0  5  

PowerPlay Defense
   Defense                  Defense                                           Time % Phy DF OF 
 1 Cody Goloubef            Matt Taormina                                     60     0   1  4  
 2 John Ramage              Alex Biega                                        40     0   1  4  

Penalty Kill 4 Players Forward 
   Center                   Wing                     Time % Phy DF OF 
 1 Reid Petryk              J.T. Brown               60     0   4  1  
 2 Wayne Simpson            Nick Lappin              40     0   4  1  

Penalty Kill 4 Players Defense
   Defense                  Defense                  Time % Phy DF OF 
 1 Cody Goloubef            Robert Bortuzzo          60     1   4  0  
 2 Alex Biega               Brady Austin             40     1   4  0  

Penalty Kill - 3 Players Forward 
   Forward                                           Time % Phy DF OF 
 1 J.T. Brown                                        65     0   5  0  
 2 Nick Lappin                                       35     0   5  0  

Penalty Kill - 3 Players Defense
   Defense                  Defense                  Time % Phy DF OF 
 1 Cody Goloubef            Alex Biega               60     1   4  0  
 2 Alex Biega               Brady Austin             40     1   4  0  

4 vs 4 Forward 
   Center                   Wing                     Time % Phy DF OF 
 1 Andrew Miller            Kasperi Kapanen          60     0   1  4  
 2 Travis Morin             J.T. Brown               40     0   1  4  

4 vs 4 Defense
   Defense                  Defense                  Time % Phy DF OF 
 1 Cody Goloubef            Matt Taormina            60     0   2  3  
 2 John Ramage              Robert Bortuzzo          40     0   3  2  

Last Minutes Offensive
   Center                   Left Wing                Right Wing               Defense                  Defense                  
   Travis Morin             Kasperi Kapanen          Andrew Miller            Matt Taormina            John Ramage              

Last Minutes Defensive
   Center                   Left Wing                Right Wing               Defense                  Defense                  
   Reid Petryk              J.T. Brown               Nick Lappin              Cody Goloubef            Robert Bortuzzo          

Goaltenders
Starting : Garret Sparks            
Backup : Marek Mazanec            

Extra Forwards
Normal : Kasperi Kapanen, J.T. Brown, A.J. Greer - PP : J.T. Brown, Nick Lappin - PK : Mitch Callahan
Extra Defensemen
Normal : Robert Bortuzzo, Cody Goloubef, Matt Taormina - PP : Alex Biega - PK : Matt Taormina, John Ramage
Penalty Shots
Kasperi Kapanen, Travis Morin, A.J. Greer, Wayne Simpson, Mitch Callahan

Scratches
Petteri Lindbohm (Healthy), Spencer Abbott (Back Spasms Injury), Brenden Kichton (Healthy), Paul Geiger (Healthy), Josh Jacobs (Healthy)
Malte Stromwall (Healthy), Jeff Glass (Healthy)

Toronto Marlies

5 vs 5 Forward 
   Center                   Left Wing                Right Wing               Time % Phy DF OF 
 1 Michael McCarron         Evgeny Svechnikov        Josh Archibald           40     1   2  2  
 2 Mitchell Heard           Michael Mersch           Emile Poirier            30     1   2  2  
 3 Kyle Schempp             Ryan Horvat              Evgeny Svechnikov        20     1   2  2  
 4 Michael McCarron         Michael Mersch           Josh Archibald           10     1   2  2  

5 vs 5 Defense 
   Defense                  Defense                                           Time % Phy DF OF 
 1 Keegan Lowe              Dennis Robertson                                  40     1   2  2  
 2 Andrew MacWilliam        Ryan Stanton                                      30     1   2  2  
 3 Travis Dermott           Brent Regner                                      20     1   2  2  
 4 Jan Kostalek             Zach Leslie                                       10     1   2  2  

PowerPlay Forward 
   Center                   Left Wing                Right Wing               Time % Phy DF OF 
 1 Michael McCarron         Evgeny Svechnikov        Josh Archibald           60     1   2  2  
 2 Mitchell Heard           Michael Mersch           Emile Poirier            40     1   2  2  

PowerPlay Defense
   Defense                  Defense                                           Time % Phy DF OF 
 1 Keegan Lowe              Dennis Robertson                                  60     1   2  2  
 2 Andrew MacWilliam        Ryan Stanton                                      40     1   2  2  

Penalty Kill 4 Players Forward 
   Center                   Wing                     Time % Phy DF OF 
 1 Evgeny Svechnikov        Michael McCarron         60     1   2  2  
 2 Michael Mersch           Josh Archibald           40     1   2  2  

Penalty Kill 4 Players Defense
   Defense                  Defense                  Time % Phy DF OF 
 1 Keegan Lowe              Dennis Robertson         60     1   2  2  
 2 Andrew MacWilliam        Ryan Stanton             40     1   2  2  

Penalty Kill - 3 Players Forward 
   Forward                                           Time % Phy DF OF 
 1 Evgeny Svechnikov                                 60     1   2  2  
 2 Michael McCarron                                  40     1   2  2  

Penalty Kill - 3 Players Defense
   Defense                  Defense                  Time % Phy DF OF 
 1 Keegan Lowe              Dennis Robertson         60     1   2  2  
 2 Andrew MacWilliam        Ryan Stanton             40     1   2  2  

4 vs 4 Forward 
   Center                   Wing                     Time % Phy DF OF 
 1 Evgeny Svechnikov        Michael McCarron         60     1   2  2  
 2 Michael Mersch           Josh Archibald           40     1   2  2  

4 vs 4 Defense
   Defense                  Defense                  Time % Phy DF OF 
 1 Keegan Lowe              Dennis Robertson         60     1   2  2  
 2 Andrew MacWilliam        Ryan Stanton             40     1   2  2  

Last Minutes Offensive
   Center                   Left Wing                Right Wing               Defense                  Defense                  
   Michael McCarron         Evgeny Svechnikov        Josh Archibald           Keegan Lowe              Dennis Robertson         

Last Minutes Defensive
   Center                   Left Wing                Right Wing               Defense                  Defense                  
   Michael McCarron         Evgeny Svechnikov        Josh Archibald           Keegan Lowe              Dennis Robertson         

Goaltenders
Starting : Martin Ouellette         
Backup : Eddie Pasquale           

Extra Forwards
Normal : Ryan Horvat, Kyle Schempp, Emile Poirier - PP : Ryan Horvat, Kyle Schempp - PK : Emile Poirier
Extra Defensemen
Normal : Rinat Valiev, Josiah Didier, Travis Dermott - PP : Rinat Valiev - PK : Josiah Didier, Travis Dermott
Penalty Shots
Evgeny Svechnikov, Michael McCarron, Michael Mersch, Josh Archibald, Emile Poirier

Scratches
Chris Driedger (Healthy), Jonas Johansson (Healthy)

% Time on Ice - Calgary Hitman

Lines # - Real PCT - Wanted PCT - Time Play
Normal Forward
1 - 33% - 36% - 14:35
2 - 33% - 34% - 14:47
3 - 18% - 24% - 7:57
4 - 16% - 6% - 7:13
Normal Defense
1 - 37% - 39% - 16:29
2 - 37% - 37% - 16:23
3 - 26% - 20% - 11:27
4 - 0% - 4% - 0:13
PP Forward
1 - 65% - 60% - 4:52
2 - 35% - 40% - 2:37
PP Defense
1 - 64% - 60% - 4:47
2 - 36% - 40% - 2:42
PK Forward
1 - 74% - 60% - 5:02
2 - 26% - 40% - 1:44
PK Defense
1 - 58% - 60% - 3:56
2 - 42% - 40% - 2:50
PK3 Forward
1 - 0% - 65%
2 - 0% - 35%
PK3 Defense
1 - 0% - 60%
2 - 0% - 40%
44 Forward
1 - 0% - 60%
2 - 0% - 40%
44 Defense
1 - 0% - 60%
2 - 0% - 40%
Last Minute Offensive  - 0:00
Last Minute Defensive  - 1:13
Total
Forward - 60:00
Defense - 60:00

% Time on Ice - Toronto Marlies

Lines # - Real PCT - Wanted PCT - Time Play
Normal Forward
1 - 34% - 40% - 15:21
2 - 36% - 30% - 16:01
3 - 23% - 20% - 10:23
4 - 7% - 10% - 2:58
Normal Defense
1 - 40% - 40% - 17:42
2 - 29% - 30% - 12:47
3 - 18% - 20% - 8:08
4 - 14% - 10% - 6:06
PP Forward
1 - 56% - 60% - 3:49
2 - 44% - 40% - 2:57
PP Defense
1 - 66% - 60% - 4:26
2 - 34% - 40% - 2:20
PK Forward
1 - 76% - 60% - 5:43
2 - 24% - 40% - 1:46
PK Defense
1 - 62% - 60% - 4:37
2 - 38% - 40% - 2:52
PK3 Forward
1 - 0% - 60%
2 - 0% - 40%
PK3 Defense
1 - 0% - 60%
2 - 0% - 40%
44 Forward
1 - 0% - 60%
2 - 0% - 40%
44 Defense
1 - 0% - 60%
2 - 0% - 40%
Last Minute Offensive  - 1:02
Last Minute Defensive  - 0:00
Total
Forward - 60:00
Defense - 60:00

Play by Play

1st period


0:01 of 1st period - Michael McCarron wins face-off versus Andrew Miller in neutral zone.
0:36 of 1st period - Snap shot by Emile Poirier.
0:36 of 1st period - Shot Misses the Net.
1:26 of 1st period - Snap shot by Kasperi Kapanen.
1:26 of 1st period - Stopped by Martin Ouellette with a rebound.
1:28 of 1st period - Slapshot by Andrew Miller.
1:28 of 1st period - Shot Misses the Net.
2:13 of 1st period - Evgeny Svechnikov is hit by Alex Biega and loses puck.
3:33 of 1st period - Wrist shot by Mitch Callahan.
3:33 of 1st period - Shot Misses the Net.
4:10 of 1st period - Snap shot by A.J. Greer.
4:10 of 1st period - Stopped by Martin Ouellette with a rebound.
4:12 of 1st period - Wrist shot by Travis Morin.
4:12 of 1st period - Stopped by Martin Ouellette without a rebound.
4:13 of 1st period - Travis Dermott wins face-off versus Andrew Miller in Toronto Marlies zone.
4:22 of 1st period - Slapshot by Kasperi Kapanen.
4:22 of 1st period - Stopped by Martin Ouellette with a rebound.
4:26 of 1st period - Wrist shot by Kasperi Kapanen.
4:26 of 1st period - Deflect By Andrew Miller.
4:26 of 1st period - Shot Misses the Net.
4:26 of 1st period - Puck is out of play.
4:27 of 1st period - Mitchell Heard wins face-off versus Travis Morin in Toronto Marlies zone.
4:27 of 1st period - Mitchell Heard is hit by Jack Skille.
4:37 of 1st period - Snap shot by Jack Skille.
4:37 of 1st period - Shot Blocked by Mitchell Heard.
5:22 of 1st period - Wrist shot by Wayne Simpson.
5:22 of 1st period - Stopped by Martin Ouellette with a rebound.
5:24 of 1st period - Snap shot by Mitch Callahan.
5:24 of 1st period - Deflect By Wayne Simpson.
5:24 of 1st period - Shot Blocked by Kyle Schempp.
5:24 of 1st period - Puck is out of play.
5:25 of 1st period - Mitchell Heard wins face-off versus Travis Morin in Toronto Marlies zone.
5:25 of 1st period - Mitchell Heard is hit by Jack Skille.
6:18 of 1st period - Minor Penalty to John Ramage for Cross-checking.
6:19 of 1st period - Michael McCarron wins face-off versus Reid Petryk in Calgary Hitman zone.
6:34 of 1st period - Snap shot by Michael McCarron.
6:34 of 1st period - Shot Blocked by Cody Goloubef.
6:48 of 1st period - J.T. Brown is hit by Michael Mersch and loses puck.
8:18 of 1st period - Penalty to John Ramage is over, John Ramage is back on ice.
8:18 of 1st period - Brady Austin is hit by Evgeny Svechnikov and loses puck.
8:57 of 1st period - Ryan Horvat is hit by Jack Skille and loses puck.
10:47 of 1st period - Dennis Robertson is hit by Travis Morin and loses puck.
11:05 of 1st period - Evgeny Svechnikov is hit by John Ramage and loses puck.
11:30 of 1st period - Mitchell Heard is hit by Cole Ully and loses puck.
11:48 of 1st period - Icing by Cody Goloubef.
11:49 of 1st period - Mitch Callahan wins face-off versus Michael McCarron in Calgary Hitman zone.
11:54 of 1st period - Jack Skille is hit by Michael McCarron and loses puck.
12:16 of 1st period - Mitchell Heard is hit by J.T. Brown and loses puck.
13:00 of 1st period - Icing by A.J. Greer.
13:01 of 1st period - Mitchell Heard wins face-off versus Cole Ully in Calgary Hitman zone.
13:41 of 1st period - Snap shot by Mitch Callahan.
13:41 of 1st period - Stopped by Martin Ouellette with a rebound.
14:23 of 1st period - Snap shot by Jack Skille.
14:23 of 1st period - Shot Misses the Net.
14:25 of 1st period - Snap shot by Travis Morin.
14:25 of 1st period - Stopped by Martin Ouellette with a rebound.
14:27 of 1st period - Wrist shot by Travis Morin.
14:27 of 1st period - Stopped by Martin Ouellette without a rebound.
14:28 of 1st period - Michael McCarron wins face-off versus Andrew Miller in Toronto Marlies zone.
14:43 of 1st period - Double Minor Penalty to Cody Goloubef for High sticking.
14:44 of 1st period - Reid Petryk wins face-off versus Michael McCarron in Calgary Hitman zone.
15:17 of 1st period - Slapshot by Michael Mersch.
15:17 of 1st period - Goal by Michael Mersch - Calgary Hitman : 0 - Toronto Marlies : 1.
15:18 of 1st period - Reid Petryk wins face-off versus Michael McCarron in neutral zone.
15:49 of 1st period - Wrist shot by Michael Mersch.
15:49 of 1st period - Shot Misses the Net.
16:49 of 1st period - Icing by Emile Poirier.
16:50 of 1st period - Mitchell Heard wins face-off versus Wayne Simpson in Toronto Marlies zone.
17:17 of 1st period - Penalty to Cody Goloubef is over, Cody Goloubef is back on ice.
17:17 of 1st period - Icing by Ryan Stanton.
17:18 of 1st period - Travis Morin wins face-off versus Michael McCarron in Toronto Marlies zone.
17:19 of 1st period - Wrist shot by A.J. Greer.
17:19 of 1st period - Deflect By Travis Morin.
17:19 of 1st period - Stopped by Martin Ouellette with a rebound.
17:21 of 1st period - Slapshot by Cody Goloubef.
17:21 of 1st period - Shot Blocked by Andrew MacWilliam.
17:23 of 1st period - Wrist shot by Jack Skille.
17:23 of 1st period - Shot Misses the Net.
17:25 of 1st period - Wrist shot by Jack Skille.
17:25 of 1st period - Stopped by Martin Ouellette without a rebound.
17:26 of 1st period - Michael McCarron wins face-off versus Travis Morin in Toronto Marlies zone.
17:31 of 1st period - Wrist shot by Evgeny Svechnikov.
17:31 of 1st period - Shot Misses the Net.
17:33 of 1st period - Wrist shot by Keegan Lowe.
17:33 of 1st period - Deflect By Evgeny Svechnikov.
17:33 of 1st period - Shot Misses the Net.
17:33 of 1st period - Puck is out of play.
17:34 of 1st period - Michael McCarron wins face-off versus J.T. Brown in Calgary Hitman zone.
17:35 of 1st period - Wrist shot by Evgeny Svechnikov.
17:35 of 1st period - Stopped by Garret Sparks without a rebound.
17:36 of 1st period - Michael McCarron wins face-off versus Andrew Miller in Calgary Hitman zone.
17:37 of 1st period - Wrist shot by Evgeny Svechnikov.
17:37 of 1st period - Shot Misses the Net.
17:39 of 1st period - Slapshot by Josh Archibald.
17:39 of 1st period - Stopped by Garret Sparks without a rebound.
17:40 of 1st period - J.T. Brown wins face-off versus Michael McCarron in Calgary Hitman zone.
17:40 of 1st period - J.T. Brown is hit by Evgeny Svechnikov.
17:51 of 1st period - Slapshot by Michael McCarron.
17:51 of 1st period - Stopped by Garret Sparks without a rebound.
17:52 of 1st period - Michael McCarron wins face-off versus Andrew Miller in Calgary Hitman zone.
17:59 of 1st period - Slapshot by Michael McCarron.
17:59 of 1st period - Stopped by Garret Sparks without a rebound.
18:00 of 1st period - Michael McCarron wins face-off versus Andrew Miller in Calgary Hitman zone.
18:03 of 1st period - Backhand shot by Josh Archibald.
18:03 of 1st period - Stopped by Garret Sparks with a rebound.
18:16 of 1st period - Wrist shot by Andrew Miller.
18:16 of 1st period - Shot Blocked by Keegan Lowe.
18:18 of 1st period - Wrist shot by J.T. Brown.
18:18 of 1st period - Stopped by Martin Ouellette without a rebound.
18:19 of 1st period - Reid Petryk wins face-off versus Emile Poirier in Toronto Marlies zone.
18:55 of 1st period - Snap shot by Michael Mersch.
18:55 of 1st period - Stopped by Garret Sparks with a rebound.
Goals for this period are 0 for Calgary Hitman vs 1 for Toronto Marlies.
Shots for this period are 11 for Calgary Hitman vs 7 for Toronto Marlies.

2nd period


0:01 of 2nd period - Andrew Miller wins face-off versus Michael McCarron in neutral zone.
0:30 of 2nd period - Wrist shot by Emile Poirier.
0:30 of 2nd period - Shot Misses the Net.
0:32 of 2nd period - Wrist shot by Mitchell Heard.
0:32 of 2nd period - Shot Blocked by Robert Bortuzzo.
0:50 of 2nd period - Snap shot by Jack Skille.
0:50 of 2nd period - Deflect By Travis Morin.
0:50 of 2nd period - Shot Blocked by Ryan Horvat.
0:50 of 2nd period - Puck is out of play.
0:51 of 2nd period - Kyle Schempp wins face-off versus Travis Morin in Toronto Marlies zone.
1:07 of 2nd period - Minor Penalty to Ryan Horvat for Holding.
1:08 of 2nd period - Evgeny Svechnikov wins face-off versus Travis Morin in Toronto Marlies zone.
1:45 of 2nd period - Snap shot by Mitch Callahan.
1:45 of 2nd period - Stopped by Martin Ouellette without a rebound.
1:46 of 2nd period - Travis Morin wins face-off versus Evgeny Svechnikov in Toronto Marlies zone.
1:53 of 2nd period - Wrist shot by Kasperi Kapanen.
1:53 of 2nd period - Stopped by Martin Ouellette with a rebound.
1:55 of 2nd period - Slapshot by Travis Morin.
1:55 of 2nd period - Goal by Travis Morin - Calgary Hitman : 1 - Toronto Marlies : 1.
1:56 of 2nd period - Mitchell Heard wins face-off versus Andrew Miller in neutral zone.
2:01 of 2nd period - Wrist shot by Michael Mersch.
2:01 of 2nd period - Shot Misses the Net.
2:03 of 2nd period - Snap shot by Michael Mersch.
2:03 of 2nd period - Shot Misses the Net.
2:05 of 2nd period - Snap shot by Mitchell Heard.
2:05 of 2nd period - Stopped by Garret Sparks with a rebound.
2:07 of 2nd period - Slapshot by Emile Poirier.
2:07 of 2nd period - Stopped by Garret Sparks with a rebound.
2:09 of 2nd period - Slapshot by Keegan Lowe.
2:09 of 2nd period - Shot Blocked by Andrew Miller.
2:11 of 2nd period - Snap shot by Mitchell Heard.
2:11 of 2nd period - Stopped by Garret Sparks with a rebound.
2:17 of 2nd period - Minor Penalty to J.T. Brown for Holding.
2:18 of 2nd period - Michael McCarron wins face-off versus Reid Petryk in Calgary Hitman zone.
2:24 of 2nd period - Snap shot by Michael McCarron.
2:24 of 2nd period - Stopped by Garret Sparks with a rebound.
2:26 of 2nd period - Snap shot by Evgeny Svechnikov.
2:26 of 2nd period - Shot Misses the Net.
2:28 of 2nd period - Slapshot by Dennis Robertson.
2:28 of 2nd period - Stopped by Garret Sparks with a rebound.
2:30 of 2nd period - Wrist shot by Dennis Robertson.
2:30 of 2nd period - Stopped by Garret Sparks without a rebound.
2:31 of 2nd period - Michael McCarron wins face-off versus Reid Petryk in Calgary Hitman zone.
2:44 of 2nd period - Wrist shot by Michael McCarron.
2:44 of 2nd period - Stopped by Garret Sparks without a rebound.
2:45 of 2nd period - Michael McCarron wins face-off versus Reid Petryk in Calgary Hitman zone.
3:00 of 2nd period - Slapshot by Josh Archibald.
3:00 of 2nd period - Shot Misses the Net.
4:17 of 2nd period - Penalty to J.T. Brown is over, J.T. Brown is back on ice.
4:35 of 2nd period - Slapshot by Robert Bortuzzo.
4:35 of 2nd period - Shot Blocked by Emile Poirier.
5:00 of 2nd period - Icing by Travis Dermott.
5:01 of 2nd period - Kyle Schempp wins face-off versus Reid Petryk in Toronto Marlies zone.
5:13 of 2nd period - Slapshot by Wayne Simpson.
5:13 of 2nd period - Shot Misses the Net.
6:24 of 2nd period - Kyle Schempp is hit by Mitch Callahan and loses puck.
7:03 of 2nd period - Wrist shot by Jack Skille.
7:03 of 2nd period - Goal by Jack Skille - Calgary Hitman : 2 - Toronto Marlies : 1.
7:04 of 2nd period - Andrew Miller wins face-off versus Michael McCarron in neutral zone.
7:07 of 2nd period - Snap shot by Matt Taormina.
7:07 of 2nd period - Deflect By Kasperi Kapanen.
7:07 of 2nd period - Shot Misses the Net.
7:07 of 2nd period - Puck is out of play.
7:08 of 2nd period - Andrew Miller wins face-off versus Michael McCarron in Toronto Marlies zone.
7:11 of 2nd period - Snap shot by J.T. Brown.
7:11 of 2nd period - Deflect By Michael McCarron.
7:11 of 2nd period - Stopped by Martin Ouellette without a rebound.
7:12 of 2nd period - Michael McCarron wins face-off versus Andrew Miller in Toronto Marlies zone.
8:01 of 2nd period - Backhand shot by Nick Lappin.
8:01 of 2nd period - Stopped by Martin Ouellette with a rebound.
8:03 of 2nd period - Snap shot by Cody Goloubef.
8:03 of 2nd period - Shot Blocked by Dennis Robertson.
8:05 of 2nd period - Slapshot by Cody Goloubef.
8:05 of 2nd period - Deflect By Liam O'Brien.
8:05 of 2nd period - Stopped by Martin Ouellette without a rebound.
8:06 of 2nd period - Andrew Miller wins face-off versus Michael McCarron in Toronto Marlies zone.
8:09 of 2nd period - Snap shot by Andrew Miller.
8:09 of 2nd period - Shot Misses the Net.
8:21 of 2nd period - Wrist shot by Michael McCarron.
8:21 of 2nd period - Deflect By Josh Archibald.
8:21 of 2nd period - Stopped by Garret Sparks with a rebound.
8:54 of 2nd period - Mitch Callahan is hit by Emile Poirier and loses puck.
9:01 of 2nd period - Snap shot by Michael Mersch.
9:01 of 2nd period - Stopped by Garret Sparks without a rebound.
9:02 of 2nd period - Michael McCarron wins face-off versus Andrew Miller in Calgary Hitman zone.
9:10 of 2nd period - Icing by Andrew Miller.
9:11 of 2nd period - Andrew Miller wins face-off versus Michael McCarron in Calgary Hitman zone.
9:11 of 2nd period - Andrew Miller is hit by Dennis Robertson.
9:17 of 2nd period - Snap shot by Robert Bortuzzo.
9:17 of 2nd period - Shot Misses the Net.
9:27 of 2nd period - Snap shot by Kasperi Kapanen.
9:27 of 2nd period - Stopped by Martin Ouellette without a rebound.
9:28 of 2nd period - Michael McCarron wins face-off versus Travis Morin in Toronto Marlies zone.
9:30 of 2nd period - Minor Penalty to Keegan Lowe for Roughing.
9:31 of 2nd period - Travis Morin wins face-off versus Evgeny Svechnikov in Toronto Marlies zone.
10:55 of 2nd period - Wrist shot by Ryan Horvat.
10:55 of 2nd period - Shot Blocked by John Ramage.
11:01 of 2nd period - Ryan Stanton is hit by Alex Biega and loses puck.
11:26 of 2nd period - Evgeny Svechnikov is hit by J.T. Brown and loses puck.
11:30 of 2nd period - Penalty to Keegan Lowe is over, Keegan Lowe is back on ice.
11:37 of 2nd period - Snap shot by J.T. Brown.
11:37 of 2nd period - Stopped by Martin Ouellette with a rebound.
11:39 of 2nd period - Slapshot by J.T. Brown.
11:39 of 2nd period - Stopped by Martin Ouellette with a rebound.
13:11 of 2nd period - Alex Biega is hit by Emile Poirier and loses puck.
13:22 of 2nd period - Michael McCarron is hit by Alex Biega and loses puck.
14:50 of 2nd period - Snap shot by Cody Goloubef.
14:50 of 2nd period - Shot Misses the Net.
15:00 of 2nd period - Brady Austin is hit by Andrew MacWilliam and loses puck.
15:11 of 2nd period - Jan Kostalek is hit by A.J. Greer and loses puck.
15:41 of 2nd period - Michael McCarron is hit by Cole Ully.
16:49 of 2nd period - Icing by Alex Biega.
16:50 of 2nd period - Michael McCarron wins face-off versus Andrew Miller in Calgary Hitman zone.
18:03 of 2nd period - Snap shot by Nick Lappin.
18:03 of 2nd period - Stopped by Martin Ouellette without a rebound.
18:04 of 2nd period - Kyle Schempp wins face-off versus J.T. Brown in Toronto Marlies zone.
18:15 of 2nd period - Emile Poirier is hit by Travis Morin and loses puck.
18:22 of 2nd period - Slapshot by Travis Morin.
18:22 of 2nd period - Deflect By Jack Skille.
18:22 of 2nd period - Shot Misses the Net.
18:22 of 2nd period - Puck is out of play.
18:23 of 2nd period - Andrew Miller wins face-off versus Kyle Schempp in Toronto Marlies zone.
18:48 of 2nd period - Jack Skille is hit by Michael McCarron and loses puck.
18:57 of 2nd period - Wrist shot by Jack Skille.
18:57 of 2nd period - Stopped by Martin Ouellette with a rebound.
19:09 of 2nd period - Emile Poirier is hit by John Ramage and loses puck.
19:39 of 2nd period - Icing by Keegan Lowe.
19:40 of 2nd period - Travis Morin wins face-off versus Mitchell Heard in Toronto Marlies zone.
19:43 of 2nd period - Slapshot by A.J. Greer.
19:43 of 2nd period - Shot Blocked by Michael Mersch.
Goals for this period are 2 for Calgary Hitman vs 0 for Toronto Marlies.
Shots for this period are 12 for Calgary Hitman vs 9 for Toronto Marlies.

3rd period


0:01 of 3rd period - Michael McCarron wins face-off versus Andrew Miller in neutral zone.
0:10 of 3rd period - Wrist shot by Evgeny Svechnikov.
0:10 of 3rd period - Shot Blocked by Matt Taormina.
0:19 of 3rd period - Minor Penalty to Michael McCarron for Roughing.
0:20 of 3rd period - Evgeny Svechnikov wins face-off versus Travis Morin in Toronto Marlies zone.
0:33 of 3rd period - Off-side.
0:34 of 3rd period - Andrew Miller wins face-off versus Evgeny Svechnikov in neutral zone.
0:41 of 3rd period - Slapshot by Kasperi Kapanen.
0:41 of 3rd period - Shot Misses the Net.
0:43 of 3rd period - Slapshot by Cody Goloubef.
0:43 of 3rd period - Stopped by Martin Ouellette without a rebound.
0:44 of 3rd period - Travis Morin wins face-off versus Evgeny Svechnikov in Toronto Marlies zone.
1:03 of 3rd period - Wrist shot by Kasperi Kapanen.
1:03 of 3rd period - Goal by Kasperi Kapanen - Calgary Hitman : 3 - Toronto Marlies : 1.
1:04 of 3rd period - Michael McCarron wins face-off versus Travis Morin in neutral zone.
1:09 of 3rd period - Wrist shot by Evgeny Svechnikov.
1:09 of 3rd period - Stopped by Garret Sparks with a rebound.
1:31 of 3rd period - Keegan Lowe is hit by J.T. Brown and loses puck.
1:37 of 3rd period - Mitchell Heard beats up Kasperi Kapanen.
1:37 of 3rd period - Penalty to Mitchell Heard for Fighting.
1:37 of 3rd period - Penalty to Kasperi Kapanen for Fighting.
1:38 of 3rd period - Andrew Miller wins face-off versus Michael McCarron in Toronto Marlies zone.
1:40 of 3rd period - Minor Penalty to J.T. Brown for Hooking.
1:41 of 3rd period - Reid Petryk wins face-off versus Michael McCarron in Calgary Hitman zone.
1:55 of 3rd period - Snap shot by Evgeny Svechnikov.
1:55 of 3rd period - Goal by Evgeny Svechnikov - Calgary Hitman : 3 - Toronto Marlies : 2.
1:56 of 3rd period - Michael McCarron wins face-off versus Travis Morin in neutral zone.
1:59 of 3rd period - Wrist shot by Josh Archibald.
1:59 of 3rd period - Stopped by Garret Sparks with a rebound.
2:30 of 3rd period - Wrist shot by Michael Mersch.
2:30 of 3rd period - Stopped by Garret Sparks with a rebound.
2:32 of 3rd period - Slapshot by Andrew MacWilliam.
2:32 of 3rd period - Shot Blocked by Cody Goloubef.
3:17 of 3rd period - Cody Goloubef is hit by Kyle Schempp and loses puck.
3:40 of 3rd period - Snap shot by Matt Taormina.
3:40 of 3rd period - Shot Hit the Post.
3:42 of 3rd period - Snap shot by Nick Lappin.
3:42 of 3rd period - Shot Blocked by Brent Regner.
3:44 of 3rd period - Backhand shot by Matt Taormina.
3:44 of 3rd period - Deflect By Nick Lappin.
3:44 of 3rd period - Shot Blocked by Michael Mersch.
3:44 of 3rd period - Puck is out of play.
3:45 of 3rd period - Cole Ully wins face-off versus Kyle Schempp in Toronto Marlies zone.
4:02 of 3rd period - Snap shot by Andrew Miller.
4:02 of 3rd period - Stopped by Martin Ouellette without a rebound.
4:03 of 3rd period - Andrew Miller wins face-off versus Michael McCarron in Toronto Marlies zone.
4:37 of 3rd period - Slapshot by Liam O'Brien.
4:37 of 3rd period - Shot Blocked by Ryan Stanton.
4:39 of 3rd period - Slapshot by John Ramage.
4:39 of 3rd period - Shot Blocked by Josh Archibald.
4:41 of 3rd period - Slapshot by John Ramage.
4:41 of 3rd period - Shot Blocked by Andrew MacWilliam.
4:48 of 3rd period - Icing by Ryan Horvat.
4:49 of 3rd period - Mitch Callahan wins face-off versus Michael McCarron in Toronto Marlies zone.
4:54 of 3rd period - Wrist shot by A.J. Greer.
4:54 of 3rd period - Shot Misses the Net.
5:12 of 3rd period - Slapshot by Michael McCarron.
5:12 of 3rd period - Shot Misses the Net.
5:32 of 3rd period - Wrist shot by Jack Skille.
5:32 of 3rd period - Shot Blocked by Andrew MacWilliam.
5:34 of 3rd period - Slapshot by Jack Skille.
5:34 of 3rd period - Stopped by Martin Ouellette with a rebound.
5:36 of 3rd period - Snap shot by A.J. Greer.
5:36 of 3rd period - Stopped by Martin Ouellette without a rebound.
5:37 of 3rd period - Andrew Miller wins face-off versus Kyle Schempp in Toronto Marlies zone.
5:40 of 3rd period - Wrist shot by J.T. Brown.
5:40 of 3rd period - Stopped by Martin Ouellette with a rebound.
5:58 of 3rd period - Minor Penalty to Emile Poirier for Holding.
5:59 of 3rd period - Evgeny Svechnikov wins face-off versus J.T. Brown in Toronto Marlies zone.
6:37 of 3rd period - Penalty to Mitchell Heard is over, Mitchell Heard is back on ice.
6:38 of 3rd period - Icing by Nick Lappin.
6:39 of 3rd period - Travis Morin wins face-off versus Evgeny Svechnikov in Calgary Hitman zone.
7:08 of 3rd period - Mitch Callahan is hit by Evgeny Svechnikov and loses puck.
7:27 of 3rd period - Snap shot by Andrew MacWilliam.
7:27 of 3rd period - Deflect By Josh Archibald.
7:27 of 3rd period - Stopped by Garret Sparks without a rebound.
7:28 of 3rd period - Michael Mersch wins face-off versus Travis Morin in Calgary Hitman zone.
7:47 of 3rd period - Keegan Lowe is hit by Travis Morin and loses puck.
7:58 of 3rd period - Penalty to Emile Poirier is over, Emile Poirier is back on ice.
8:02 of 3rd period - Wrist shot by Mitch Callahan.
8:02 of 3rd period - Shot Misses the Net.
8:04 of 3rd period - Slapshot by Jack Skille.
8:04 of 3rd period - Shot Misses the Net.
8:06 of 3rd period - Snap shot by Mitch Callahan.
8:06 of 3rd period - Shot Misses the Net.
8:08 of 3rd period - Snap shot by Mitch Callahan.
8:08 of 3rd period - Shot Misses the Net.
8:49 of 3rd period - Icing by Andrew Miller.
8:50 of 3rd period - Emile Poirier wins face-off versus Andrew Miller in Calgary Hitman zone.
8:51 of 3rd period - Snap shot by Ryan Horvat.
8:51 of 3rd period - Stopped by Garret Sparks with a rebound.
9:05 of 3rd period - Andrew Miller is hit by Travis Dermott and loses puck.
9:48 of 3rd period - Snap shot by Mitch Callahan.
9:48 of 3rd period - Shot Misses the Net.
9:54 of 3rd period - Michael McCarron is hit by Mitch Callahan.
10:32 of 3rd period - John Ramage is hit by Ryan Horvat.
12:05 of 3rd period - Travis Dermott is hit by Jack Skille and loses puck.
12:30 of 3rd period - Slapshot by Alex Biega.
12:30 of 3rd period - Stopped by Martin Ouellette without a rebound.
12:31 of 3rd period - Mitchell Heard wins face-off versus Travis Morin in Toronto Marlies zone.
12:48 of 3rd period - Snap shot by Kasperi Kapanen.
12:48 of 3rd period - Stopped by Martin Ouellette without a rebound.
12:49 of 3rd period - Mitchell Heard wins face-off versus Andrew Miller in Toronto Marlies zone.
13:21 of 3rd period - Wrist shot by J.T. Brown.
13:21 of 3rd period - Shot Blocked by Brent Regner.
13:25 of 3rd period - Wrist shot by Kasperi Kapanen.
13:25 of 3rd period - Shot Blocked by Travis Dermott.
13:27 of 3rd period - Slapshot by Cody Goloubef.
13:27 of 3rd period - Shot Blocked by Kyle Schempp.
13:29 of 3rd period - Snap shot by Cody Goloubef.
13:29 of 3rd period - Shot Misses the Net.
13:54 of 3rd period - Wrist shot by Andrew Miller.
13:54 of 3rd period - Deflect By J.T. Brown.
13:54 of 3rd period - Stopped by Martin Ouellette without a rebound.
13:55 of 3rd period - Travis Morin wins face-off versus Michael McCarron in Toronto Marlies zone.
14:00 of 3rd period - Backhand shot by Jack Skille.
14:00 of 3rd period - Stopped by Martin Ouellette with a rebound.
14:06 of 3rd period - Wrist shot by Jack Skille.
14:06 of 3rd period - Stopped by Martin Ouellette without a rebound.
14:07 of 3rd period - Michael Mersch wins face-off versus Travis Morin in Toronto Marlies zone.
14:13 of 3rd period - Dennis Robertson and Travis Morin fight to a draw.
14:13 of 3rd period - Penalty to Dennis Robertson for Fighting.
14:13 of 3rd period - Penalty to Travis Morin for Fighting.
14:13 of 3rd period - Penalty to Dennis Robertson for instigated a fight.
14:13 of 3rd period - Penalty to Dennis Robertson for instigated a fight.
14:14 of 3rd period - Evgeny Svechnikov wins face-off versus J.T. Brown in neutral zone.
15:09 of 3rd period - Icing by John Ramage.
15:10 of 3rd period - Michael Mersch wins face-off versus Wayne Simpson in Calgary Hitman zone.
15:11 of 3rd period - Slapshot by Josh Archibald.
15:11 of 3rd period - Stopped by Garret Sparks without a rebound.
15:12 of 3rd period - Kasperi Kapanen wins face-off versus Evgeny Svechnikov in Calgary Hitman zone.
15:19 of 3rd period - Snap shot by Evgeny Svechnikov.
15:19 of 3rd period - Stopped by Garret Sparks with a rebound.
16:13 of 3rd period - Penalty to Dennis Robertson is over, Emile Poirier is send on ice.
16:13 of 3rd period - Ryan Stanton is hit by Alex Biega and loses puck.
17:18 of 3rd period - Cody Goloubef is hit by Keegan Lowe.
18:53 of 3rd period - Icing by Keegan Lowe.
18:54 of 3rd period - Mitchell Heard wins face-off versus Kasperi Kapanen in Toronto Marlies zone.
19:08 of 3rd period - Slapshot by Cody Goloubef.
19:08 of 3rd period - Stopped by Martin Ouellette with a rebound.
19:10 of 3rd period - Wrist shot by Robert Bortuzzo.
19:10 of 3rd period - Shot Misses the Net.
19:12 of 3rd period - Slapshot by Nick Lappin.
19:12 of 3rd period - Stopped by Martin Ouellette without a rebound.
19:13 of 3rd period - Bob Woods call a timeout for Toronto Marlies.
19:13 of 3rd period - Michael McCarron wins face-off versus Kasperi Kapanen in Toronto Marlies zone.
19:32 of 3rd period - Wrist shot by Nick Lappin.
19:32 of 3rd period - Stopped by Martin Ouellette with a rebound.
19:34 of 3rd period - Snap shot by Kasperi Kapanen.
19:34 of 3rd period - Stopped by Martin Ouellette without a rebound.
19:35 of 3rd period - Kasperi Kapanen wins face-off versus Michael McCarron in Toronto Marlies zone.
19:44 of 3rd period - Toronto Marlies, Martin Ouellette is pulled from the net.
19:44 of 3rd period - Snap shot by Michael McCarron.
19:44 of 3rd period - Stopped by Garret Sparks without a rebound.
19:45 of 3rd period - Michael McCarron wins face-off versus Kasperi Kapanen in Calgary Hitman zone.
19:46 of 3rd period - Snap shot by Josh Archibald.
19:46 of 3rd period - Stopped by Garret Sparks without a rebound.
19:47 of 3rd period - Michael McCarron wins face-off versus Kasperi Kapanen in Calgary Hitman zone.
19:56 of 3rd period - Wrist shot by Kasperi Kapanen.
19:56 of 3rd period - Shot Blocked by Rinat Valiev.
19:58 of 3rd period - Slapshot by Cole Ully.
19:58 of 3rd period - Goal by Cole Ully - Calgary Hitman : 4 - Toronto Marlies : 2.
19:58 of 3rd period - Martin Ouellette from Toronto Marlies was sent back in the game.
19:59 of 3rd period - Michael McCarron wins face-off versus Reid Petryk in neutral zone.
Goals for this period are 2 for Calgary Hitman vs 1 for Toronto Marlies.
Shots for this period are 16 for Calgary Hitman vs 10 for Toronto Marlies.